 Dungeon Crawl Stone Soup version 0.24-a0-613-g1ff6aac (webtiles) character file.

Game seed: 10456877634563917017, levelgen mode: deterministic

289 Spazmo the Magician (level 6, -1/28 HPs)
             Began as a Deep Elf Fire Elementalist on Sept 11, 2019.
             Succumbed to a scorpion's poison
             ... on level 4 of the Dungeon.
             The game lasted 00:08:53 (2784 turns).

Spazmo the Magician (Deep Elf Fire Elementalist)    Turns: 2784, Time: 00:08:54

Health: -1/28      AC:  4    Str:  7 (9)  XL:     6   Next: 9%
Magic:  16/16      EV: 13    Int: 20 (22) God:
Gold:   154        SH:  0    Dex: 13 (15) Spells: 5/15 levels left

rFire    . . .     SeeInvis .   p - +2 trident (freeze)
rCold    . . .     Gourm    .   (no shield)
rNeg     . . .     Faith    .   a - +1 robe
rPois    .         Spirit   .   (no helmet)
rElec    .         Reflect  .   (no cloak)
rCorr    .         Harm     .   j - +0 pair of gloves
MR       .....                  (no boots)
Stlth    ++........             (no amulet)
HPRegen  0.09/turn              o - +4 ring of strength
MPRegen  0.15/turn              (no ring)

@: lethally poisoned (-1 -> -12), berserk cooldown, very slightly contaminated,
slowed, very slow
A: claws 1, frail 1
a: no special abilities


You were on level 4 of the Dungeon.
You were not hungry.

You visited 1 branch of the dungeon, and saw 4 of its levels.

You collected 154 gold pieces.

Inventory:

Hand Weapons
 p - a +2 trident of freezing (weapon)
Missiles
 g - 113 stones (quivered)
Armour
 a - a +1 robe (worn)
 j - a +0 pair of gloves (worn)
Jewellery
 h - an uncursed ring of ice
 o - a +4 ring of strength (left hand)
Wands
 n - a wand of random effects (15)
Scrolls
 b - a scroll of enchant armour
 e - 2 scrolls of enchant weapon
 k - a scroll of remove curse
 m - 3 scrolls of identify
Comestibles
 c - 9 rations


   Skills:
 - Level 2.4 Dodging
 - Level 2.4 Stealth
 + Level 5.4 Spellcasting
 + Level 3.9 Conjurations
 + Level 5.1 Fire Magic


You had 5 spell levels left.
You knew the following spells:

 Your Spells              Type           Power        Failure   Level  Hunger
a - Flame Tongue          Conj/Fire      ###..        1%          1    None
b - Throw Flame           Conj/Fire      ###...       2%          2    None
c - Conjure Flame         Conj/Fire      ###.....     5%          3    ##.....
d - Sticky Flame          Conj/Fire      ###.....     17%         4    ####...

Your spell library contained the following spells:

 Spells                   Type           Power        Failure   Level  Hunger
 Inner Flame              Hex/Fire       ###.....     12%         3    ##.....
 Fireball                 Conj/Fire      ###.......   43%         5    #####..


Dungeon Overview and Level Annotations

Branches:
Dungeon (4/15)
 Temple: D:4-7

Altars:
Ashenzari
Gozag
Nemelex Xobeh
Ru
Sif Muna
Trog
Yredelemnul
The Shining One


Innate Abilities, Weirdness & Mutations

You have sharp fingernails.
You are frail. (-10% HP)


Message History

* * * LOW HITPOINT WARNING * * *
You feel sick.
You can move again.
Really quaff the potion of mutation?
You feel extremely strange.
You no longer feel cold resistant.
Your talons dull and shrink into feet.
The horns on your head shrink away.
Your connection to magic feels subdued.
You feel frail.
Your magic regains its normal vibrancy.
Your fingernails lengthen.
* * * LOW HITPOINT WARNING * * *
You feel sick.
* * * LOW HITPOINT WARNING * * *
You feel sick.
* * * LOW HITPOINT WARNING * * *
You feel sick.
* * * LOW HITPOINT WARNING * * *
You feel sick.
* * * LOW HITPOINT WARNING * * *
You feel sick.
You die...

.# .#
######.##..
#...(.....
#.......#
#.......
#.....# #.....#
#@# #.# ##.# .
#..# ..
##.#######. ###
..##..........
..
.......#..##.##
###.
....#.###.##.#
##... ...
##.#..##.#
#....


There were no monsters in sight!

Vanquished Creatures
  A scorpion (D:4)
  An orc wizard (D:3)
  An orc priest (D:3)
  A worker ant (D:4)
  A hound zombie (D:3)
  3 hound skeletons (D:4)
  An adder (D:2)
  A gnoll (D:3)
  2 oozes
  An adder skeleton (D:4)
  3 worms
  2 dart slugs
  3 leopard geckos
  3 orcs (D:3)
  10 bats
  2 giant cockroaches
  8 hobgoblins
  A quokka (D:3)
  A ball python (D:3)
  2 frilled lizards
  4 goblins
  5 kobolds
  6 rats
63 creatures vanquished.

Notes
Turn   | Place    | Note
-------+----------+-------------------------------------------
     0 | D:1      | Spazmo the Deep Elf Fire Elementalist began the quest for
                  | the Orb.
     0 | D:1      | Reached XP level 1. HP: 10/10 MP: 6/6
   215 | D:1      | Reached XP level 2. HP: 15/15 MP: 5/8
   219 | D:1      | Learned a level 2 spell: Throw Flame
   372 | D:1      | You fall into a shaft and drop 1 floor!
   390 | D:2      | Found a glowing golden altar of the Shining One.
   937 | D:1      | Reached XP level 3. HP: 18/19 MP: 8/10
   942 | D:1      | Learned a level 3 spell: Conjure Flame
  1161 | D:2      | Found a bloodstained altar of Trog.
  1499 | D:2      | Found a sparkling altar of Nemelex Xobeh.
  1668 | D:3      | Found a shimmering blue altar of Sif Muna.
  1668 | D:3      | Found a shattered altar of Ashenzari.
  1669 | D:3      | Found a basalt altar of Yredelemnul.
  1676 | D:3      | Reached XP level 4. HP: 24/24 MP: 7/12
  1683 | D:3      | Learned a level 4 spell: Sticky Flame
  1826 | D:3      | Found an opulent altar of Gozag.
  2014 | D:3      | Reached XP level 5. HP: 24/28 MP: 3/14
  2440 | D:3      | Found a sacrificial altar of Ru.
  2562 | D:3      | Gained mutation: You have a pair of small horns on your
                  | head. [potion of mutation]
  2562 | D:3      | Gained mutation: You have sharp toenails. [potion of
                  | mutation]
  2562 | D:3      | Gained mutation: Your flesh is cold resistant. (rC+)
                  | [potion of mutation]
  2635 | D:4      | Reached skill level 5 in Spellcasting
  2765 | D:4      | HP: 1/28 [scorpion (7)]
  2771 | D:4      | Reached skill level 5 in Fire Magic
  2771 | D:4      | Reached XP level 6. HP: 28/32 MP: 14/16
  2779 | D:4      | Lost mutation: Your flesh is cold resistant. (rC+) [potion
                  | of mutation]
  2779 | D:4      | Lost mutation: You have sharp toenails. [potion of
                  | mutation]
  2779 | D:4      | Lost mutation: You have a pair of small horns on your head.
                  | [potion of mutation]
  2779 | D:4      | Gained mutation: Your spells are a little easier to cast,
                  | but a little less powerful. [potion of mutation]
  2779 | D:4      | Gained mutation: You are frail. (-10% HP) [potion of
                  | mutation]
  2779 | D:4      | Lost mutation: Your spells are a little easier to cast, but
                  | a little less powerful. [potion of mutation]
  2779 | D:4      | Gained mutation: You have sharp fingernails. [potion of
                  | mutation]
  2783 | D:4      | HP: 1/28 [poisoned by a scorpion]
  2784 | D:4      | Succumbed to a scorpion's poison

Levels and vault maps discovered:
D:1:      co_arrival_square_in_a_square_in_a_square, layout_loops_corners
D:2:      layout_loops_ring, old_standard_altar, nicolae_tso_carved_into_rock,
          lemuel_coloured_pillars_altar, first_ration
D:3:      minmay_chambers_of_threes, layout_basic, grunt_gozag_statues,
          chequers_temple_overflow_statue_of_worship, hangedman_ru_absence
D:4:      layout_loops_cross, grunt_dithmenos_smoke_and_mirrors

Skill      XL: |  1  2  3  4  5 |
---------------+----------------+-----
Conjurations   | 2 3 |  3.9
Fire Magic     | 4 5 |  5.1
Spellcasting   | 4 5 |  5.4
Dodging        | |  2.4
Stealth        | |  2.4

Action                   |  1- 3 |  4- 6 || total
-------------------------+-------+-------++-------
Melee: Dagger            |       |     4 ||     4
       Trident           |       |     7 ||     7
       Kick              |       |     1 ||     1
       Headbutt          |       |     1 ||     1
 Cast: Flame Tongue      |    52 |    65 ||   117
       Throw Flame       |     1 |     5 ||     6
       Sticky Flame      |       |     1 ||     1
  Use: Potion            |     1 |     6 ||     7
       Scroll            |     5 |     2 ||     7
  Eat: Ration            |     1 |       ||     1
       Chunk             |       |     2 ||     2
Armor: Robe              |     3 |     1 ||     4
Dodge: Dodged            |    12 |    12 ||    24

Table legend:
 A = Non-vault XP
 B = Vault XP
 C = Vault XP percentage of total XP
 D = Non-vault monster count
 E = Vault monster count
 F = Vault count percentage of total count
                 A         B        C        D         E       F
            +---------+---------+-------+---------+---------+-------
      Total |     357 |      56 |  13.6 |      51 |      12 |  19.0
            +---------+---------+-------+---------+---------+-------
        D:1 |      34 |       0 |   0.0 |      20 |       0 |   0.0
        D:2 |      28 |       0 |   0.0 |       7 |       0 |   0.0
        D:3 |     123 |      56 |  31.3 |      17 |      12 |  41.4
        D:4 |     172 |       0 |   0.0 |       7 |       0 |   0.0
            +---------+---------+-------+---------+---------+-------
